[Event "FRA-ch 2018 Seniors Veterans"]
[Site "Nimes"]
[Date "2018.08.19"]
[Round "2"]
[White "Vial, Patrick"]
[Black "Delobel, Alain"]
[Result "1-0"]
[ECO "C02"]
[WhiteElo "2139"]
[BlackElo "1761"]
[Annotator "NA"]
[PlyCount "57"]
[EventDate "2018.08.18"]
[EventType "tourn"]
[EventCountry "FRA"]
[SourceTitle "playchess.com"]
[Source "ChessBase"]
[SourceQuality "1"]
[TimeControl "40/5400+30:1800+30"]

1. e4 e6 2. d4 d5 3. e5 c5 4. c3 Nc6 5. Nf3 Qb6 6. a3 a5 7. Be2 a4 8. O-O c4 9. Nbd2 Be7 10. Re1 Bd7 11. Nf1 h6 12. Qc2 Na5 13. Be3 Nb3 14. Rab1 O-O-O 15. N3d2 Bb5 16. f4 g6 17. Bf2 h5 18. Nf3 Nh6 19. Ne3 Nf5 20. Nxf5 gxf5 21. Bh4 Bxh4 22. Nxh4 Nxd4 23. cxd4 Qxd4+ 24. Kh1 Qxf4 25. Nf3 Kb8 26. Qc3 d4 27. Qb4 Bc6 28. Qxc4 Be4 29. Rbd1 1-0

[Event "FRA-ch 2018 Seniors Veterans"]
[Site "Nimes"]
[Date "2018.08.19"]
[Round "2"]
[White "Koenig, Joel"]
[Black "Prie, Eric"]
[Result "0-1"]
[ECO "A45"]
[WhiteElo "1772"]
[BlackElo "2480"]
[Annotator "ChessBase"]
[PlyCount "68"]
[EventDate "2018.08.18"]
[EventType "tourn"]
[EventCountry "FRA"]
[SourceTitle "playchess.com"]
[Source "ChessBase"]
[SourceQuality "1"]
[TimeControl "40/5400+30:1800+30"]

1. d4 Nf6 2. Bf4 c5 3. e3 g6 4. Be2 Bg7 5. Nf3 O-O 6. O-O Qb6 7. Nbd2 d5 8. Rb1 Nc6 9. dxc5 Qxc5 10. Nb3 Qb6 11. c3 Re8 12. Ne5 a5 13. Nd4 Ne4 14. Ndf3 Be6 15. h3 a4 16. Nxc6 bxc6 17. Be5 f6 18. Bh2 Bf7 19. Bd3 e5 20. Qc2 Nc5 21. Be2 g5 22. b4 axb3 23. axb3 Bg6 24. Qb2 Bxb1 25. Rxb1 Qa7 26. c4 Qa2 27. cxd5 Qxb2 28. Rxb2 Ra1+ 29. Bf1 cxd5 30. b4 Na4 31. Rb3 Rc8 32. Bg3 Rc3 33. Rxc3 Nxc3 34. Nd2 Rd1 0-1

[Event "FRA-ch 2018 Seniors Veterans"]
[Site "Nimes"]
[Date "2018.08.19"]
[Round "2"]
[White "Hodot, Yves"]
[Black "Saucey, Michel"]
[Result "1-0"]
[ECO "B20"]
[WhiteElo "1765"]
[BlackElo "2283"]
[Annotator "NA"]
[PlyCount "89"]
[EventDate "2018.08.18"]
[EventType "tourn"]
[EventCountry "FRA"]
[SourceTitle "playchess.com"]
[Source "ChessBase"]
[SourceQuality "1"]
[TimeControl "40/5400+30:1800+30"]

1. e4 c5 2. b4 cxb4 3. c4 e5 4. Bb2 Nc6 5. Nf3 Bc5 6. Be2 d6 7. h3 Nf6 8. d3 O-O 9. O-O a5 10. a3 Ra6 11. Nbd2 Bd7 12. Nb3 Qe7 13. Re1 Rfa8 14. a4 Re8 15. Bf1 Raa8 16. g3 Bc8 17. Bg2 Nd7 18. Nh4 g6 19. Qd2 Bb6 20. Kh2 Nc5 21. Nxc5 Bxc5 22. Nf3 Be6 23. Rac1 Rac8 24. Rf1 Bd7 25. Ng1 Bd4 26. Ne2 Bxb2 27. Qxb2 Nb8 28. f4 Na6 29. d4 exd4 30. f5 Nc5 31. Nf4 Bc6 32. Qxd4 Nb3 33. Qe3 Nxc1 34. Qxc1 Qg5 35. h4 Qh6 36. Qb2 g5 37. Nh3 gxh4 38. Rf4 hxg3+ 39. Kxg3 Re5 40. Qd4 Kh8 41. Nf2 Rg8+ 42. Ng4 Qf6 43. Kh3 Rxg4 44. Rxg4 Rxf5 45. exf5 1-0

[Event "FRA-ch 2018 Seniors Veterans"]
[Site "Nimes"]
[Date "2018.08.20"]
[Round "3"]
[White "Morais, Alain"]
[Black "Vial, Patrick"]
[Result "0-1"]
[ECO "B01"]
[WhiteElo "2006"]
[BlackElo "2139"]
[Annotator "NA"]
[PlyCount "74"]
[EventDate "2018.08.18"]
[EventType "tourn"]
[EventCountry "FRA"]
[SourceTitle "playchess.com"]
[Source "ChessBase"]
[SourceQuality "1"]
[TimeControl "40/5400+30:1800+30"]

1. e4 d5 2. exd5 Nf6 3. d4 Bg4 4. Nf3 Qxd5 5. Be2 Nc6 6. c3 O-O-O 7. O-O e6 8. Bf4 Qf5 9. Bg3 Bd6 10. Qa4 Bxg3 11. fxg3 Qe4 12. Qd1 Qe3+ 13. Kh1 Ne4 14. Qe1 h5 15. Bb5 Qxe1 16. Rxe1 f5 17. Nbd2 h4 18. gxh4 Nxd2 19. Nxd2 Rxh4 20. h3 f4 21. Be2 Bf5 22. Nf3 Rh6 23. Kg1 g5 24. Bc4 g4 25. hxg4 Bxg4 26. Ng5 Re8 27. Be2 Bf5 28. Bf3 Rg8 29. Nxe6 Bxe6 30. d5 Bd7 31. dxc6 Bxc6 32. Bxc6 Rxc6 33. Re2 Rcg6 34. Kh1 Rh8+ 35. Kg1 Rhg8 36. Kh1 Rh6+ 37. Kg1 f3 0-1

[Event "FRA-ch 2018 Seniors Veterans"]
[Site "Nimes"]
[Date "2018.08.20"]
[Round "3"]
[White "Cartigny, Patrick"]
[Black "Vareille, Francois"]
[Result "1/2-1/2"]
[ECO "B22"]
[WhiteElo "1910"]
[BlackElo "2421"]
[Annotator "NA RC"]
[PlyCount "48"]
[EventDate "2018.08.18"]
[EventType "tourn"]
[EventCountry "FRA"]
[SourceTitle "playchess.com"]
[Source "ChessBase"]
[SourceQuality "1"]
[TimeControl "40/5400+30:1800+30"]

1. e4 c5 2. c3 g6 3. d4 cxd4 4. cxd4 d5 5. e5 a6 6. h3 Nc6 7. Nf3 Bg7 8. Nc3 f6 9. Bf4 e6 10. Be2 Nge7 11. O-O O-O 12. Qd2 Bd7 $11 13. Rfe1 fxe5 14. Nxe5 Nf5 15. Nxc6 Bxc6 16. Bg4 Nxd4 17. Be5 Bxe5 18. Rxe5 Nf5 19. Rxe6 d4 20. Ne2 Bxg2 21. Nf4 Bc6 22. Rae1 Qg5 23. Qc1 Ng7 24. Qc4 Kh8 1/2-1/2

[Event "FRA-ch 2018 Seniors Veterans"]
[Site "Nimes"]
[Date "2018.08.20"]
[Round "3"]
[White "Warnault, Pierre"]
[Black "Ricter, Jean-Paul"]
[Result "0-1"]
[ECO "B01"]
[WhiteElo "1857"]
[BlackElo "2065"]
[Annotator "NA"]
[PlyCount "104"]
[EventDate "2018.08.18"]
[EventType "tourn"]
[EventCountry "FRA"]
[SourceTitle "playchess.com"]
[Source "ChessBase"]
[SourceQuality "1"]
[TimeControl "40/5400+30:1800+30"]

1. e4 d5 2. exd5 Nf6 3. d4 Nxd5 4. Nf3 g6 5. Be2 Bg7 6. O-O O-O 7. c3 Bf5 8. Re1 h6 9. Nbd2 c6 10. Nc4 Nd7 11. Bd3 Bxd3 12. Qxd3 Qc7 13. Bd2 Rad8 14. Qc2 c5 15. Ne3 N7f6 16. Nxd5 Nxd5 17. dxc5 Qxc5 18. Be3 Nxe3 19. Rxe3 Rd7 20. Rd1 Rfd8 21. Red3 Rd6 22. Rxd6 Rxd6 23. Rxd6 Qxd6 24. h3 a6 25. c4 Qf6 26. b3 Qa1+ 27. Kh2 Qf6 28. Qe2 Qd6+ 29. Kg1 Bf6 30. Qd2 Qxd2 31. Nxd2 Kf8 32. Kf1 Ke8 33. Ke2 Kd7 34. Kd3 Kc6 35. f3 e6 36. Ne4 Be7 37. Nf2 f5 38. g4 Kc5 39. gxf5 gxf5 40. Nd1 Kb4 41. Kc2 Bf6 42. Nf2 Bd4 43. Nd3+ Ka5 44. Nf4 e5 45. Ne6 Bf2 46. Ng7 e4 47. fxe4 fxe4 48. Nf5 h5 49. Nd6 e3 50. Kd3 Kb4 51. Nxb7 Ka3 52. Nc5 e2 0-1

[Event "FRA-ch 2018 Seniors Veterans"]
[Site "Nimes"]
[Date "2018.08.21"]
[Round "4"]
[White "Ricter, Jean-Paul"]
[Black "Darrigues, Alain"]
[Result "1-0"]
[ECO "B21"]
[WhiteElo "2065"]
[BlackElo "1808"]
[Annotator "NA RC"]
[PlyCount "71"]
[EventDate "2018.08.18"]
[EventType "tourn"]
[EventCountry "FRA"]
[SourceTitle "playchess.com"]
[Source "ChessBase"]
[SourceQuality "1"]
[TimeControl "40/5400+30:1800+30"]

1. e4 c5 2. d4 cxd4 3. c3 Nf6 4. e5 Nd5 5. Qxd4 e6 6. Nf3 Nc6 7. Qe4 Be7 8. Bc4 f5 9. Qe2 Nc7 10. O-O O-O 11. b4 b6 12. a4 a6 13. Rd1 Qe8 14. Nbd2 Kh8 15. Bb3 Qh5 16. Nc4 Nd5 17. Rxd5 exd5 18. Nxb6 Rb8 19. Nxd5 Bb7 20. Nf4 Qe8 21. Bc4 g5 22. Nd5 g4 23. Ne1 Bd8 24. Nd3 h5 25. Qe3 Qg6 26. N3f4 Qh7 27. Qc5 Re8 28. Be3 Rc8 29. Qd6 Re6 30. Qf8+ Qg8 31. Qxg8+ Kxg8 32. Nxe6 dxe6 33. Nf4 Nxe5 34. Bxe6+ Kf8 35. Bxc8 Bxc8 36. Rd1 1-0

[Event "FRA-ch 2018 Seniors Veterans"]
[Site "Nimes"]
[Date "2018.08.22"]
[Round "5"]
[White "Dussol, Pierre"]
[Black "Dijon, Frederic"]
[Result "1-0"]
[ECO "C02"]
[WhiteElo "2096"]
[BlackElo "1901"]
[Annotator "NA"]
[PlyCount "59"]
[EventDate "2018.08.18"]
[EventType "tourn"]
[EventCountry "FRA"]
[SourceTitle "playchess.com"]
[Source "ChessBase"]
[SourceQuality "1"]
[TimeControl "40/5400+30:1800+30"]

1. e4 e6 2. d4 d5 3. e5 c5 4. Nf3 Nc6 5. Bd3 Nh6 6. dxc5 Nf5 7. O-O Bxc5 8. Bf4 h6 $11 9. Bxf5 exf5 10. h4 Be6 11. Nc3 a6 12. a3 Be7 13. h5 g5 14. hxg6 fxg6 15. Ne2 g5 16. Nfd4 Nxd4 17. Nxd4 Qb6 18. Be3 Bc5 19. Nxe6 Bxe3 20. Ng7+ Kf8 21. Nxf5 Bf4 22. Qxd5 Rd8 23. Nd6 Rh7 24. Rad1 Re7 25. Qe4 Rxe5 26. Qg6 Qc7 27. Qf6+ Kg8 28. Nb5 Rxd1 29. Nxc7 Ree1 30. Qg6+ {Rxf1# g3+} 1-0

[Event "FRA-ch 2018 Seniors Veterans"]
[Site "Nimes"]
[Date "2018.08.22"]
[Round "5"]
[White "Busson, Benoist"]
[Black "Saucey, Michel"]
[Result "1/2-1/2"]
[ECO "B23"]
[WhiteElo "1882"]
[BlackElo "2283"]
[Annotator "NA"]
[PlyCount "81"]
[EventDate "2018.08.18"]
[EventType "tourn"]
[EventCountry "FRA"]
[SourceTitle "playchess.com"]
[Source "ChessBase"]
[SourceQuality "1"]
[TimeControl "40/5400+30:1800+30"]

1. e4 c5 2. Nc3 e6 3. Nge2 a6 4. g3 Qc7 5. Bg2 {[%emt 0:00:32] LiveBook: 10 Games} Nf6 6. O-O Be7 7. d4 cxd4 8. Nxd4 d6 9. Kh1 {[%emt 0:03:22] B80: Sicilian Scheveningen: 6 g3 and 6 Be3, including English Attack} (9. Be3 Nc6 10. a4 O-O 11. Nxc6 bxc6 12. a5 Nd7 13. Na4 Rb8 14. Nb6 c5 15. Nxc8 Rfxc8 16. b3 Bf6 17. Ra4 Ne5 18. Re1 Nc6 19. Qd2 Bd4 20. Bf1 Bxe3 21. Rxe3 {0-1 (54) Leko,P (2693)-Navara,D (2725) Tallinn 2016}) 9... Bd7 10. f4 Nc6 11. f5 Nxd4 12. Qxd4 O-O 13. fxe6 $146 ({Predecessor:} 13. Bg5 Rad8 14. Rad1 exf5 15. exf5 Bc6 16. Qd2 Rfe8 17. Be3 d5 18. Bd4 Ne4 19. Nxe4 dxe4 20. Qe3 Rxd4 {½-½ (20) Dabic,S (2214)-Sentic,P (2217) Croatia 2009}) 13... fxe6 14. Be3 Rac8 15. Qb6 Bc6 ({Better is} 15... Ng4 $17) 16. Qb3 Bd7 17. Rad1 b5 18. Bh3 Qc4 $11 19. Qxc4 Rxc4 20. e5 Ng4 21. Rxf8+ Bxf8 22. Bxg4 Rxg4 23. Bf4 Bc6+ 24. Kg1 dxe5 25. Bxe5 Rc4 26. b3 Rc5 27. Bd4 Rf5 28. Rf1 Bc5 29. Ne2 Rd5 30. c3 e5 31. Bxc5 Rxc5 32. Kf2 Be8 33. Ke3 Bg6 34. Rd1 Rc6 35. Rd5 Re6 36. h4 Bh5 37. Ng1 Kf7 38. Nh3 h6 39. Nf2 Bg6 40. Ng4 Bb1 41. Rxe5 1/2-1/2

[Event "FRA-ch 2018 Seniors Veterans"]
[Site "Nimes"]
[Date "2018.08.23"]
[Round "6"]
[White "Ricter, Jean-Paul"]
[Black "Caderon, Michel"]
[Result "1-0"]
[ECO "B21"]
[WhiteElo "2065"]
[BlackElo "1967"]
[Annotator "NA RC"]
[PlyCount "69"]
[EventDate "2018.08.18"]
[EventType "tourn"]
[EventCountry "FRA"]
[SourceTitle "playchess.com"]
[Source "ChessBase"]
[SourceQuality "1"]
[TimeControl "40/5400+30:1800+30"]

1. e4 c5 2. d4 cxd4 3. c3 Nf6 4. e5 Nd5 5. Qxd4 e6 6. Nf3 Nc6 7. Qe4 f5 8. Qe2 Qc7 9. g3 b5 {[%emt 0:00:07] B22: Sicilian: 2 c3} (9... Nde7 10. Na3 Ng6 11. Nb5 Qb8 12. Bg2 a6 13. Nbd4 Ncxe5 14. O-O Be7 15. Re1 Nxf3+ 16. Bxf3 O-O 17. h4 Bf6 {½-½ (110) Kamsky,G (2723)-Grischuk,A (2728) Moscow 2008}) 10. Bg2 a5 11. O-O Ba6 12. Rd1 Bc5 13. Rxd5 exd5 14. e6 $146 ({Predecessor:} 14. Bf4 b4 15. Qd1 Ne7 16. e6 Bd6 17. exd7+ Qxd7 18. cxb4 Bxf4 19. gxf4 {0-1 (25) Beric,Z (1950)-Loncar,R (2398) Rijeka 2017}) 14... O-O-O 15. a4 Qb7 16. Bf1 Na7 17. Nd4 Bxd4 18. cxd4 Rhe8 19. e7 Rxe7 20. Qxe7 d6 $18 21. Qxb7+ Kxb7 22. Nc3 b4 23. Nxd5 Bxf1 24. Kxf1 Re8 25. Be3 Nc6 26. Rc1 h6 27. h4 g6 28. Rd1 h5 29. Nf4 Ne7 30. d5 Rc8 31. Rc1 Rxc1+ 32. Bxc1 Nxd5 33. Nxd5 Kc6 34. Ne3 Kc5 35. Ke2 1-0

[Event "FRA-ch 2018 Seniors Veterans"]
[Site "Nimes"]
[Date "2018.08.24"]
[Round "7"]
[White "Vial, Patrick"]
[Black "Ricter, Jean-Paul"]
[Result "0-1"]
[ECO "B01"]
[WhiteElo "2139"]
[BlackElo "2065"]
[Annotator "NA"]
[PlyCount "64"]
[EventDate "2018.08.18"]
[EventType "tourn"]
[EventCountry "FRA"]
[SourceTitle "playchess.com"]
[Source "ChessBase"]
[SourceQuality "1"]
[TimeControl "40/5400+30:1800+30"]

1. e4 d5 2. exd5 Qxd5 3. Nc3 Qd8 4. d4 Nf6 5. Bc4 e6 {[%emt 0:04:03] LiveBook: 12 Games} 6. Nf3 Be7 7. Qe2 $14 O-O 8. Bd2 c6 9. O-O-O b5 10. Bd3 a5 11. g4 b4 12. Ne4 Ba6 13. Bxa6 Nxa6 14. Nxf6+ Bxf6 15. g5 Be7 16. h4 Qd5 17. Kb1 Nc7 18. Ne5 Nb5 19. Bc1 Nxd4 20. Qe3 c5 21. Rhg1 a4 22. Ng4 Qf5 23. Rxd4 cxd4 24. Qxd4 Kh8 25. Ne3 Qc5 26. Qe4 Rad8 27. h5 Bxg5 28. Qg4 Bf6 29. Qc4 Qxc4 30. Nxc4 Rd4 31. Nb6 a3 32. h6 g6 0-1

[Event "FRA-ch 2018 Seniors Veterans"]
[Site "Nimes"]
[Date "2018.08.24"]
[Round "7"]
[White "Boulos, Jean"]
[Black "Natale, Rodolphe"]
[Result "1-0"]
[ECO "B31"]
[WhiteElo "1784"]
[BlackElo "1826"]
[Annotator "NA"]
[PlyCount "103"]
[EventDate "2018.08.18"]
[EventType "tourn"]
[EventCountry "FRA"]
[SourceTitle "playchess.com"]
[Source "ChessBase"]
[SourceQuality "1"]
[TimeControl "40/5400+30:1800+30"]

1. e4 c5 2. Nf3 Nc6 3. Bb5 g6 4. O-O Bg7 5. c3 Nf6 6. e5 Nd5 7. d4 cxd4 8. cxd4 O-O 9. Nc3 Nxc3 10. bxc3 d5 11. Bd3 f6 12. exf6 exf6 13. Re1 Re8 14. Bf4 Rxe1+ 15. Nxe1 Be6 16. Rb1 Qe7 17. Qc2 Re8 18. Nf3 Qd7 19. h4 f5 20. Qa4 a6 21. Qb3 Re7 22. Bg5 Rf7 23. Bf4 Re7 24. Bc1 h6 25. Qc2 Qc7 26. g3 h5 27. Bf4 Qd8 28. Bg5 Qd7 29. Bxe7 Qxe7 30. Re1 Qd6 31. Qe2 Bd7 32. Qe3 b5 33. Bc2 b4 34. Bb3 f4 35. Qxf4 Qxf4 36. gxf4 bxc3 37. Bxd5+ Kf8 38. Ne5 Nxe5 39. dxe5 Bf5 40. Be4 Bh6 41. Bxf5 gxf5 42. Rc1 Bxf4 43. Rxc3 Bxe5 44. Rc5 Bd4 45. Rxf5+ Kg7 46. Rxh5 Bc3 47. Kg2 a5 48. a4 Bd2 49. f3 Bc3 50. Kg3 Be1+ 51. Kg4 Bd2 52. f4 1-0

[Event "FRA-ch 2018 Seniors Veterans"]
[Site "Nimes"]
[Date "2018.08.26"]
[Round "9"]
[White "Dussol, Pierre"]
[Black "Legrand, Stephane"]
[Result "1/2-1/2"]
[ECO "A46"]
[WhiteElo "2096"]
[BlackElo "2053"]
[Annotator "NA"]
[PlyCount "105"]
[EventDate "2018.08.18"]
[EventType "tourn"]
[EventCountry "FRA"]
[SourceTitle "playchess.com"]
[Source "ChessBase"]
[SourceQuality "1"]
[TimeControl "40/5400+30:1800+30"]

1. d4 e6 2. Nf3 Nf6 3. e3 b6 4. Bd3 Bb7 5. O-O d6 {[%emt 0:01:02] LiveBook: 32 Games} 6. b3 g6 7. Bb2 Bg7 8. Nbd2 O-O 9. c4 {[%emt 0:04:49] A47: 1 d4 Nf6 2 Nf3 b6: Torre, London and Colle Systems} (9. Qe2 Nbd7 10. Rfd1 c5 11. Ba6 Bxa6 12. Qxa6 Qc7 13. Qd3 Rfd8 14. c4 a6 15. Rac1 Qb7 16. Qb1 b5 {0-1 (68) Socko,M (2472)-Socko,B (2624) Grosseto Prugna 2015}) 9... Nc6 10. a3 $146 ({Predecessor:} 10. Rc1 Re8 11. Bb1 e5 12. Re1 Qe7 13. Qe2 {½-½ (13) Czyz,A (2061)-Piotrowski,P (1875) Polanica Zdroj 2010}) 10... e5 11. d5 Ne7 12. e4 Nh5 13. g3 Bc8 14. Nh4 Bh3 15. Re1 Bh6 16. Be2 Ng7 17. Bc3 g5 18. Ng2 f5 19. exf5 Ngxf5 20. Ne4 Nd4 21. Bxd4 exd4 22. Bg4 Bxg4 23. Qxg4 Ng6 24. Qh5 Kg7 25. Rad1 Ne5 26. f4 gxf4 27. gxf4 Bxf4 28. Nxf4 Rxf4 29. Ng5 Qg8 30. Kh1 Kh8 31. Ne6 Rf2 32. Rg1 Qf7 33. Qxf7 Rxf7 34. Nxd4 a5 35. a4 Nd7 36. Rg3 Nc5 37. Re1 Raf8 38. Rge3 Kg7 39. Nb5 Na6 40. R1e2 Rf3 41. Kg2 Rxe3 42. Rxe3 Rf7 43. Kg3 Kg6 44. Re8 Nc5 45. Rc8 Nxb3 46. Nxc7 Nc5 47. Nb5 Ne4+ 48. Kg2 $11 Rf2+ 49. Kg1 Rc2 50. Rc6 Kg5 51. Nxd6 Nxd6 52. Rxd6 Rxc4 53. Rxb6 1/2-1/2

[Event "FRA-ch 2018 Seniors Veterans"]
[Site "Nimes"]
[Date "2018.08.26"]
[Round "9"]
[White "Ricter, Jean-Paul"]
[Black "Fillon, Damien"]
[Result "1/2-1/2"]
[ECO "A13"]
[WhiteElo "2065"]
[BlackElo "2048"]
[Annotator "NA"]
[PlyCount "36"]
[EventDate "2018.08.18"]
[EventType "tourn"]
[EventCountry "FRA"]
[SourceTitle "playchess.com"]
[Source "ChessBase"]
[SourceQuality "1"]
[TimeControl "40/5400+30:1800+30"]

1. c4 e6 2. g3 Nf6 3. Bg2 c5 4. Nf3 Nc6 5. O-O d5 6. d3 Be7 7. b3 O-O 8. Bb2 $15 {[%emt 0:04:29] LiveBook: 86 Games} d4 9. Na3 e5 10. Nc2 a5 11. Na3 Re8 12. Nb5 Bf8 13. Re1 h6 14. Na3 Bd6 15. Nb5 Bf8 16. Na3 Bd6 17. Nb5 Bf8 18. Na3 Nb8 1/2-1/2